 Dungeon Crawl Stone Soup version 0.31-a0-632-g766dd24fdf (webtiles) character file.

Game seed: 1380707705282007514

9601 MegasTu the Bludgeoner (level 11, -1/60 HPs)
             Began as a Gargoyle Reaver on Aug 26, 2023.
             Was a High Priest of Okawaru.
             Killed by divine providence
             ... invoked by an orc priest
              (14 damage)
             ... on level 10 of the Dungeon.
             The game lasted 00:33:57 (9389 turns).

MegasTu the Bludgeoner (Gargoyle Reaver)            Turns: 9389, Time: 00:33:57

Health: -1/60      AC: 23    Str: 23    XL:     11   Next: 49%
Magic:  21/23      EV: 11    Int: 14    God:    Okawaru [*****.]
Gold:   252        SH: 10    Dex: 14    Spells: 1/14 levels left

rFire   . . .        p - +8 mace "Puschocw" {drain, *Noise rN+++ Str+5}
rCold   + . .        t - +0 buckler
rNeg    + + +        I - +2 leather armour {rC+}
rPois   ∞            u - +2 hat
rElec   +            (no cloak)
rCorr   .            J - +2 pair of gloves
SInv    .            A - +1 pair of boots of Ignis's Respect {Dex+4}
Will    .....        Q - amulet of reflection
Stlth   +            r - ring of wizardry
HPRegen 0.30/turn    G - ring of magical power
MPRegen 0.18/turn

%: reflection, wizardry (x1)
@: no status effects
A: sickness immunity, AC +8, negative energy resistance 1, electricity
resistance, torment resistance 1, petrification resistance, horns 1, iridescent
scales 1, MP-powered wands
a: Renounce Religion, Heroism, Finesse, Duel


You were on level 10 of the Dungeon.
You worshipped Okawaru.
Okawaru was extremely pleased with you.
You visited 2 branches of the dungeon, and saw 11 of its levels.
You also visited: Ossuary.

You collected 500 gold pieces.
You spent 248 gold pieces at shops.

Inventory:

Hand Weapons
 a - a +3 trident
 k - a +5 heavy dire flail
 n - a +2 shortbow of freezing
 p - the +8 mace "Puschocw" (weapon) {drain, *Noise rN+++ Str+5}
   (You found it on level 2 of the Dungeon)

   Str+5:     It affects your strength (+5).
   rN+++:     It renders you almost immune to negative energy.
   *Noise:    It may make a loud noise when swung.
 Z - a +1 flail of protection
Missiles
 v - 58 stones
 S - a curare-tipped dart
 Y - 3 throwing nets
Armour
 b - a +0 leather armour
 m - a +0 scale mail
 t - a +0 buckler (worn)
 u - a +2 hat (worn)
 w - a +0 chain mail
 A - the +1 pair of boots of Ignis's Respect (worn) {Dex+4}
   (You bought it in a shop on level 5 of the Dungeon)

   Dex+4:     It affects your dexterity (+4).
 I - a +2 leather armour of cold resistance (worn)
 J - a +2 pair of gloves (worn)
 T - +0 swamp dragon scales
 V - a +0 plate armour
Magical Staves
 H - a staff of air
Jewellery
 c - an amulet of magic regeneration
 r - a ring of wizardry (left hand)
 G - a ring of magical power (right hand)
 K - a ring of fire
 Q - an amulet of reflection (around neck)
Talismans
 o - a beast talisman
 X - a flux talisman
Wands
 y - a wand of flame (17) (quivered)
 z - a wand of digging (7)
 C - a wand of light (28)
 L - a wand of mindburst (11)
 R - a wand of roots (5)
Scrolls
 d - 2 scrolls of silence
 q - 2 scrolls of vulnerability
 s - 3 scrolls of teleportation
 x - 2 scrolls of enchant armour
 D - a scroll of amnesia {unknown}
 E - 4 scrolls of identify
 F - a scroll of revelation {unknown}
 M - a scroll of blinking
 N - 2 scrolls of poison {unknown}
 O - 3 scrolls of fear {unknown}
 P - 2 scrolls of immolation
Potions
 e - a potion of enlightenment {unknown}
 f - 2 potions of curing
 g - a potion of brilliance
 h - a potion of ambrosia {unknown}
 i - a potion of cancellation
 j - 3 potions of resistance
 l - 2 potions of degeneration
 B - 3 potions of lignification
 U - a potion of mutation
 W - a potion of might


   Skills:
 - Level 3.0 Fighting
 + Level 15.7 Maces & Flails
 - Level 5.0 Armour
 - Level 2.0 Dodging
 - Level 5.0 Shields
 - Level 2.1 Spellcasting
 - Level 4.0 Conjurations
 - Level 1.3 Necromancy
 - Level 2.0 Ice Magic


You had one spell level left.
You knew the following spells:

 Your Spells              Type           Power      Damage    Failure   Level
a - Kiss of Death         Conj/Necr      36%        2d8       4%          1
b - Momentum Strike       Conj/Tloc      14%        3d8       9%          2
c - Hailstorm             Conj/Ice       9%         3d4       12%         3
d - Poisonous Vapours     Pois/Air       2%         N/A       19%         2
e - Passwall              Tmut/Erth      0%         N/A       19%         2
f - Mephitic Cloud        Conj/Pois/Air  5%         N/A       22%         3

Your spell library contained the following spells:

 Spells                   Type           Power      Damage    Failure   Level
 Apportation              Tloc           2%         N/A       13%         1
 Static Discharge         Conj/Air       14%        2-3/arc   9%          2
 Ensorcelled Hibernation  Hex/Ice        8%         N/A       13%         2
 Swiftness                Air            1%         N/A       34%         3
 Airstrike                Air            0%         2d(1-17)  75%         4
 Freezing Cloud           Conj/Ice/Air   3%         6-21      80%         5
 Alistair's Intoxication  Tmut/Pois      0%         N/A       96%         5
 Cigotuvi's Dreadful Rot  Necr/Pois/Air  Unusable   N/A       N/A         2

Dungeon Overview and Level Annotations

Branches:
Dungeon (10/15)            Temple (1/1) D:5         Ossuary (visited)
   Lair: D:8-11         Orc: D:9-12

Altars:
Ashenzari
Cheibriados
Dithmenos
Elyvilon
Fedhas
Gozag
Hepliaklqana
Kikubaaqudgha
Makhleb
Nemelex Xobeh
Okawaru
Qazlal
Ru
Sif Muna
Trog
Uskayaw
Vehumet
Wu Jian
Xom
Yredelemnul
Zin
The Shining One

Shops:
D:4 =   D:5 [   D:6 !


Innate Abilities, Weirdness & Mutations

You are immune to sickness and miasma.
Your stone body is resilient. (AC +8)
You are immune to poison.
You resist negative energy. (rN+)
You are resistant to electric shocks. (rElec)
You are resistant to unholy torment.
You are immune to petrification.
You have a pair of small horns on your head.
You are partially covered in iridescent scales. (AC +2)
You expend magic power (3 MP) to strengthen your wands.


Message History

The killer bee is lightly wounded.
You block the killer bee's attack.
You barely miss the killer bee. Your headbutt misses the killer bee.
The killer bee is lightly wounded.
The killer bee stings you but does no damage.
You block the killer bee's attack.
You barely miss the killer bee.
The killer bee is lightly wounded.
You block the killer bee's attack.
The orc priest looks encouraged for a moment.
j - 3 potions of resistance (gained 1)
The killer bee barely misses you. The killer bee misses you.
There's nothing to close nearby.
Aiming: Bolt of Light
Press: ? - help, Shift-Dir - straight line, f - two-headed ogre
Aim: a two-headed ogre, wielding a +0 giant spiked club and a +0 dire flail (86% to hit)
You feel a surge of power!
The bolt of light misses the two-headed ogre.
The killer bee barely misses you.
The killer bee stings you but does no damage.
The two-headed ogre hits you with a +0 giant spiked club!!
The two-headed ogre closely misses you.
Unknown command.
The killer bee stings you but does no damage.
You block the killer bee's attack.
The killer bee stings you but does no damage.
The orc priest mumbles some strange prayers to Beogh against you.
Beogh smites you!
The killer bee attacks as it pursues you!
You block the killer bee's attack. The killer bee closely misses you.
You block the killer bee's attack.
The orc priest invokes the aid of Beogh against you.
Beogh smites you!
* * * LOW HITPOINT WARNING * * *
You block the killer bee's attack.
There is a stone staircase leading up here.
The killer bee closely misses you. The killer bee completely misses you.
The orc priest calls down the wrath of Beogh upon you.
Beogh smites you!
You die...

##... #...[. . ..
#.....# .... .#...
##......# .... ###...
##.....### ..... #....
##†.......#
.....##...###........#
#...................##
#......o..oy@#......#
#..........O.##....##
..........#.####..##
#.........### ###
..........#
..........#
/.##.....## . #######


You could see a two-headed ogre, a killer bee, an orc priest and an orc.

Vanquished Creatures
  Harold (D:9)
  Erica (D:9)
  A two-headed ogre (D:8)
  The ghost of howech the Cleaver, a novice MiBe of Trog (D:7)
  Maggie (D:9)
  A hornet (D:9)
  2 wraiths (Ossuary)
  10 yaks (D:9)
  4 fire bats (D:8)
  A fire elemental (D:8)
  A steam dragon (D:9)
  An acid dragon (D:9)
  A water moccasin (D:5)
  A hell hound (D:8)
  A sky beast (D:6)
  3 orc warriors (D:9)
  2 black bears
  3 ogres
  A centaur (D:8)
  3 phantoms
  2 bullfrogs (D:7)
  A kobold brigand (D:8)
  6 scorpions
  2 gnoll sergeants
  16 wights
  4 killer bees (D:7)
  5 howler monkeys
  2 lava snakes (D:8)
  2 orc priests
  4 hounds
  3 jellies
  2 sleepcaps
  3 iguanas
  5 orc wizards (D:9)
  Natasha (thrice) (D:2)
  6 gnolls
  11 adders
  2 white imps
  An adder zombie (Ossuary)
  3 dart slugs
  34 orcs
  6 endoplasms
  5 giant cockroaches
  2 goblins
  4 hobgoblins
  6 quokkas
  3 ball pythons
  2 ball python skeletons (Ossuary)
  3 bats
  A frilled lizard (D:1)
  A goblin zombie (D:3)
  A hobgoblin skeleton (Ossuary)
  6 hobgoblin zombies
  11 kobolds
  A kobold skeleton (D:3)
  3 kobold zombies (D:3)
  5 orc skeletons
  An orc zombie (Ossuary)
  4 rats
222 creatures vanquished.

Notes
Turn   | Place    | Note
-------+----------+-------------------------------------------
     0 | D:1      | MegasTu the Gargoyle Reaver began the quest for the Orb.
     0 | D:1      | Reached XP level 1. HP: 12/12 MP: 3/3
   258 | D:1      | Reached XP level 2. HP: 13/17 MP: 5/5
   261 | D:1      | Learned a level 2 spell: Momentum Strike
   522 | D:1      | Found a faded altar of an unknown god.
   672 | D:1      | Reached XP level 3. HP: 22/22 MP: 6/6
  1374 | D:2      | Identified the +8 mace "Puschocw" {drain, *Noise rN+++
                  | Str+5}
  1388 | D:2      | Reached skill level 4 in Maces & Flails
  1526 | D:2      | Learned a level 3 spell: Hailstorm
  1580 | D:2      | Noticed Natasha
  1582 | D:2      | Killed Natasha
  1583 | D:2      | Reached XP level 4. HP: 27/27 MP: 7/7
  1623 | D:2      | Noticed Natasha
  1630 | D:2      | Killed Natasha
  1631 | D:2      | Reached skill level 1 in Ice Magic
  1776 | D:2      | Noticed Natasha
  1782 | D:2      | Killed Natasha
  1783 | D:2      | Reached XP level 5. HP: 25/31 MP: 8/8
  1909 | D:3      | Reached skill level 1 in Shields
  1937 | D:3      | Found a glowing golden altar of the Shining One.
  2065 | D:3      | Learned a level 2 spell: Poisonous Vapours
  2478 | D:4      | Found Yhyd's Jewellery Shoppe.
  2737 | D:4      | Noticed an ogre
  2897 | D:4      | Reached XP level 6. HP: 24/36 MP: 9/9
  2898 | D:4      | Reached skill level 1 in Necromancy
  2973 | D:4      | Got Sif Muna's Directory of the Sixfirhy and Ensorcelling
  3284 | D:5      | Entered Level 5 of the Dungeon
  3344 | D:5      | Reached skill level 5 in Maces & Flails
  3364 | D:5      | Found Usoagerch's Antique Armour Shoppe.
  3393 | D:5      | Reached skill level 1 in Armour
  3400 | D:5      | Reached XP level 7. HP: 40/40 MP: 10/10
  3405 | D:5      | Found a sand-covered staircase.
  3415 | Ossuary  | Entered an ossuary
  3502 | Ossuary  | Noticed a flying skull
  3502 | Ossuary  | Noticed a wraith
  3511 | Ossuary  | Noticed a flying skull
  3515 | Ossuary  | Noticed a flying skull
  3520 | Ossuary  | Noticed a flying skull
  3537 | Ossuary  | Gained mutation: You are vulnerable to cold. (rC-) [potion
                  | of mutation]
  3537 | Ossuary  | Gained mutation: You are agile. (Dex +4, Str/Int -1)
                  | [potion of mutation]
  3537 | Ossuary  | Gained mutation: You are dopey. (Int -2) [potion of
                  | mutation]
  3538 | Ossuary  | Lost mutation: You are dopey. (Int -2) [potion of mutation]
  3538 | Ossuary  | Lost mutation: You are agile. (Dex +4, Str/Int -1) [potion
                  | of mutation]
  3583 | Ossuary  | Noticed a wraith
  3619 | Ossuary  | HP: 2/40 [wraith (10)]
  3625 | Ossuary  | Killed a wraith
  3626 | Ossuary  | Reached skill level 6 in Maces & Flails
  3636 | Ossuary  | Noticed a wraith
  3641 | Ossuary  | Killed a wraith
  3642 | Ossuary  | Reached XP level 8. HP: 23/45 MP: 11/11
  3650 | Ossuary  | Noticed a flying skull
  3932 | D:5      | Found the +5 woodcutter's axe
  4290 | D:3      | Lost mutation: You are vulnerable to cold. (rC-) [potion of
                  | mutation]
  4290 | D:3      | Gained mutation: You have a pair of small horns on your
                  | head. [potion of mutation]
  4290 | D:3      | Gained mutation: You expend magic power (3 MP) to
                  | strengthen your wands. [potion of mutation]
  4290 | D:3      | Gained mutation: You are partially covered in iridescent
                  | scales. (AC +2) [potion of mutation]
  4509 | D:5      | Reached skill level 7 in Maces & Flails
  4509 | D:5      | Reached skill level 5 in Armour
  4549 | D:5      | Found a staircase to the Ecumenical Temple.
  4676 | D:5      | Bought a pair of polished boots for 209 gold pieces
  4676 | D:5      | Identified the +1 pair of boots of Ignis's Respect {Dex+4}
                  | (You bought it in a shop on level 5 of the Dungeon)
  4748 | D:6      | Reached skill level 8 in Maces & Flails
  4827 | D:6      | Reached skill level 9 in Maces & Flails
  4827 | D:6      | Reached XP level 9. HP: 50/50 MP: 12/12
  4867 | D:6      | Found Sioll's Distillery.
  4878 | D:6      | Bought a potion of lignification for 39 gold pieces
  5661 | D:5      | Found a burning altar of Makhleb.
  5700 | Temple   | Entered the Ecumenical Temple
  5716 | Temple   | Became a worshipper of Warmaster Okawaru
  5734 | Temple   | Learned a level 2 spell: Passwall
  6088 | D:7      | Reached skill level 10 in Maces & Flails
  6117 | D:7      | Found a runed translucent door.
  6145 | D:7      | Found a broken altar of Ashenzari.
  6248 | D:7      | Noticed howech's ghost (novice MiBe)
  6773 | D:8      | Reached * piety under Okawaru
  6879 | D:7      | Killed howech's ghost
  6879 | D:7      | Reached ** piety under Okawaru
  6880 | D:7      | Reached skill level 11 in Maces & Flails
  6880 | D:7      | Reached skill level 5 in Shields
  6991 | D:7      | Reached XP level 10. HP: 20/56 MP: 13/13
  7170 | D:8      | Reached skill level 12 in Maces & Flails
  7483 | D:8      | Reached *** piety under Okawaru
  7558 | D:8      | Noticed a two-headed ogre
  7566 | D:8      | Killed a two-headed ogre
  7567 | D:8      | Reached skill level 13 in Maces & Flails
  7756 | D:9      | Noticed Erica
  7896 | D:9      | Killed Erica
  7898 | D:9      | Noticed Maggie
  8006 | D:9      | Reached skill level 14 in Maces & Flails
  8012 | D:9      | Killed Maggie
  8051 | D:9      | Reached **** piety under Okawaru
  8052 | D:9      | Reached XP level 11. HP: 58/60 MP: 14/14
  8138 | D:9      | Learned a level 3 spell: Mephitic Cloud
  8297 | D:9      | Reached skill level 15 in Maces & Flails
  9036 | D:9      | Noticed Harold
  9051 | D:9      | Killed Harold
  9209 | D:9      | Reached ***** piety under Okawaru
  9363 | D:10     | Entered Level 10 of the Dungeon
  9377 | D:10     | Noticed a two-headed ogre
  9389 | D:10     | Killed from afar by an orc priest

Illustrated notes

Levels and vault maps discovered:
D:1:      minmay_arrival_solitary_statue, layout_loops_ring, serial_forest,
          infiniplex_forest_zigzag_2, infiniplex_forest_corner_1,
          infiniplex_forest_end_2, infiniplex_forest_clump_small,
          shapermc_ecumenical_altar_gd, nrook_campfire
D:2:      layout_loops_ring, serial_bayou_pond_e, serial_bayou_pond_b,
          uniq_natasha
D:3:      layout_basic, nicolae_tso_besieged_by_evil
D:4:      layout_gridville, serial_shops, nicolae_stop_n_shop_1,
          kennysheep_generic_room_3
D:5:      layout_layer_cave, overflow_temple_1_default,
          minmay_temple_entry_statues_fountains, chequers_ossuary_entry_cave,
          serial_shops, nicolae_shop_crystal
D:6:      layout_cave_pods, serial_shops, shop, serial_bayou_crossing
D:7:      layout_cave_pools, nicolae_ashenzari_panopticon,
          ebering_ghost_reflecting_pool, chequers_serial_rivers_small_a
D:8:      layout_rooms, special_room [special_room_orc], hangedman_incinerator
D:9:      layout_layer_cave, serial_bayou_pond_e, uniq_erica, uniq_harold,
          uniq_maggie
D:10:     layout_cave_pools, nrook_mini_backslash
Temple:   nicolae_temple_bog_church

Skill      XL: |  1  2  3  4  5  6  7  8  9 10 11 |
---------------+----------------------------------+-----
Maces & Flails | 4 5 6 9 11 14 15 | 15.7
Ice Magic      | 1 2 |  2.0
Conjurations   | 4 |  4.0
Shields        | 2 3 5 |  5.0
Necromancy     | 1 |  1.3
Armour         | 1 4 5 |  5.0
Dodging        | 2 |  2.0
Fighting       | 3 |  3.0
Spellcasting   | |  2.1

Action                     |  1- 3 |  4- 6 |  7- 9 | 10-12 || total
---------------------------+-------+-------+-------+-------++-------
  Melee: Mace              |    71 |    94 |   242 |   265 ||   672
         Headbutt          |       |       |    31 |    58 ||    89
   Cast: Kiss of Death     |     1 |       |       |       ||     1
         Momentum Strike   |       |     1 |     1 |       ||     2
 Invoke: Heroism           |       |       |     1 |     1 ||     2
Ability: Begin Untransform |       |       |     1 |       ||     1
  Evoke: Wand              |       |       |     6 |     6 ||    12
    Use: Scroll            |       |     6 |     7 |     3 ||    16
         Potion            |       |       |     9 |       ||     9
   Stab: Invisible         |       |       |       |     2 ||     2
 Armour: Leather armour    |    27 |    15 |    37 |    89 ||   168
         Scale mail        |     2 |     2 |       |       ||     4
         Chain mail        |       |    32 |    92 |       ||   124
  Dodge: Dodged            |    50 |    60 |    88 |    84 ||   282
  Block: Buckler           |       |    16 |    56 |   116 ||   188
         Reflection        |       |       |       |     3 ||     3
   Form: Beast             |       |       |     1 |       ||     1

Table legend: (Time is in decaauts)
 A = Elapsed time spent in this place.
 B = Non-inter-level travel time spent in this place.
 C = Inter-level travel time spent in this place.
 D = Time resting spent in this place.
 E = Time spent auto-exploring this place.
 F = Levels seen in this place.
 G = Mean time per level.
                   A        B        C        D        E       F      G
               +--------+--------+--------+--------+--------+-----+--------+
         Total |   9411 |   8717 |    694 |    613 |   5661 |  12 |  784.2 |
       Dungeon |   8911 |   8220 |    691 |    584 |   5550 |  10 |  891.1 |
        Temple |     40 |     38 |      2 |      0 |      0 |   1 |   40.0 |
       Ossuary |    459 |    459 |      0 |     29 |    111 |   1 |  459.0 |
               +--------+--------+--------+--------+--------+-----+--------+

Top non-repeatable levels by time:
     D:9: 1344 daAuts
     D:1: 1239 daAuts
     D:5: 1201 daAuts
     D:8: 1046 daAuts
     D:7: 883 daAuts
     D:4: 877 daAuts
     D:6: 813 daAuts
     D:2: 767 daAuts
     D:3: 714 daAuts
 Ossuary: 459 daAuts
  Temple: 40 daAuts
    D:10: 24 daAuts
